Description

TEST BUILD.

Generated with CarbonTwelve's Starcraft Fusion.

The drop consists of 16 marines and 8 marauders with all the tech lab upgrades completed.

Build Order

Get SALT Encoding   

  13  0:02  SCV  
  14  0:14  SCV  
  14  0:17  Supply Depot  
  15  0:26  SCV  
  16  0:39  Refinery, SCV  
  16  0:43  Barracks  
  17  0:51  SCV  
  17  1:00  Action (Move SCVs to Gas)  
  18  1:03  SCV  
  19  1:16  Barracks, SCV (2nd one)  
  20  1:28  SCV  
  20  1:30  Barracks Tech Lab  
  21  1:40  Supply Depot, SCV  
  22  1:53  SCV  
  22  1:58  Command Center  
  24  2:05  Marine, SCV  
  25  2:09  Marine  
  26  2:17  Supply Depot, SCV  
  28  2:24  Marauder  
  30  2:30  Marine, SCV  
  30  2:38  Barracks (3rd one)  
  31  2:42  SCV  
  33  2:47  Marauder  
  34  2:50  Marine  
  35  2:54  SCV  
  35  2:57  Refinery  
  35  3:01  Refinery  
  36  3:07  Barracks Tech Lab, SCV  
  37  3:11  SCV  
  38  3:19  SCV, Action (Move SCVs to Gas)  
  39  3:23  SCV, Factory  
  39  3:31  Orbital Command  
  40  3:35  SCV  
  40  3:36  Combat Shields  
  40  3:40  Stimpack  
  42  3:43  Marine x2  
  43  3:48  SCV  
  43  3:53  Barracks (4th one)  
  44  3:56  SCV, Action (Move SCVs to Gas, Call MULE)  
  44  4:07  Starport x2  
  45  4:10  Marine  
  45  4:15  Orbital Command  
  47  4:17  Marine x2  
  47  4:23  Supply Depot  
  48  4:28  Marine  
  52  4:35  Marauder x2  
  52  4:38  Supply Depot  
  52  4:41  Action (Call MULE)  
  56  4:43  Medivac x2  
  58  4:47  Marine x2  
  58  4:55  Supply Depot, Concussive Shells  
  62  4:58  Marauder x2  
  63  5:02  SCV, Action (Call MULE)  
  65  5:06  Marine x2  
  65  5:10  Supply Depot  
  69  5:14  Medivac x2  
  71  5:17  SCV x2  
  75  5:21  Marauder x2  
  77  5:25  Marine x2  
  79  5:29  SCV x2  
  79  5:46  Action (Send the drop out)  
Spawning Tool Build Advisor. Get it on Overwolf

Analysis

What we must have by 5:50 is as follows:

Income: 1494M 342G.

Buildings: 2 Orbital Commands, 3 Refineries, 7 Supply Depots, 4 Barracks (with 2 Tech Labs), 1 Factory, 2 Starports.

Units: 39 SCVs, 16 Marines, 8 Marauders, 4 Medivacs.

Research: Stimpack, Combat Shield, Concussive Shells (all are completed).

Go to:

Details

  • Created by: Turir
  • Published on: Apr 28, 2017
  • Modified on: Apr 30, 2017
  • Patch: 3.8.0
Show
View Real Time Build Order
Export as new Build Order

Comments (2)

On May 5, 2017, 5:55 a.m., Turir  said:

I would recommend you to harass an opponent with the 2st two medivacs as they appear simultaneuosly, but you must ensure that the drop will survive!

On May 4, 2017, 5:22 p.m., Storky  said:

Gonna train it for fun, gonna use it at timing to bait his army with first 2 medivac drop, and smash the second with later 2 medivac drop. Or better to bait with 1 medivac and smash with 3?

Create an account to comment!